[Event "November 21 Early 2023"]
[Site "https://www.chess.com"]
[Date "2023.11.21"]
[Round "10"]
[White "Nikologorsky, Matfei"]
[Black "Dmitrenko, Viktor"]
[Result "1-0"]
[Board "108"]
[TimeControl "180+1"]
[WhiteFideId "24102474"]
[BlackFideId "14110270"]
[WhiteElo "2153"]
[BlackElo "2292"]
[WhiteTeam "FID"]
[BlackTeam "UKR"]
[WhiteClock "0:00:20"]
[BlackClock "0:00:03"]

1. e4 c5 2. Nf3 e6 3. d4 cxd4 4. Nxd4 Nf6 5. Nc3 Nc6 6. Ndb5 Bc5 7. Bf4 O-O 8. Qd2 a6 9. Nd6 b5 10. f3 Qa5 11. Be3 Bb4 12. Be2 Qc7 13. Nxc8 Raxc8 14. a3 Ba5 15. O-O Ne5 16. Bd4 Nc4 17. Bxc4 Qxc4 18. Rad1 Ne8 19. b4 Bd8 20. Rf2 Bf6 21. Bxf6 Nxf6 22. Nb1 Rfd8 23. Qd3 d5 24. e5 Nd7 25. f4 Qxd3 26. Rxd3 Rc6 27. c3 Rdc8 28. Kf1 Nb6 29. Ke1 Na4 30. Kd2 Nb2 31. Rg3 Nc4+ 32. Kc2 Kf8 33. Kb3 d4 34. cxd4 a5 35. Nd2 Nxd2+ 36. Rxd2 a4+ 37. Kb2 Rc4 38. Rgd3 Rd8 39. g3 Ke7 40. d5 exd5 41. Rxd5 Rxd5 42. Rxd5 Re4 43. Rxb5 Re2+ 44. Kc3 Re3+ 45. Kc4 Rxa3 46. Rb7+ Ke6 47. b5 Rb3 48. Ra7 Ra3 49. b6 Ra1 50. b7 Rb1 51. Kc5 a3 52. Kc6 Rc1+ 53. Kb6 Rb1+ 54. Kc7 Rc1+ 55. Kb8 Rc3 56. Ka8 Rb3 57. b8=Q Rxb8+ 58. Kxb8 Kf5 59. Rxa3 Kg4 60. Ra7 Kh3 61. Rxf7 Kxh2 62. e6 1-0

[Event "November 21 Early 2023"]
[Site "https://www.chess.com"]
[Date "2023.11.21"]
[Round "10"]
[White "Kubicka, Anna"]
[Black "Palacio,Igor Da Paz"]
[Result "1-0"]
[Board "109"]
[TimeControl "180+1"]
[WhiteFideId "1152254"]
[BlackFideId "2121140"]
[WhiteElo "2042"]
[BlackElo "2126"]
[WhiteTeam "POL"]
[BlackTeam "BRA"]
[WhiteClock "0:00:10"]
[BlackClock "0:00:01"]

1. e4 d6 2. Nf3 Nf6 3. Nc3 g6 4. Bc4 c6 5. a4 d5 6. exd5 cxd5 7. Bb5+ Bd7 8. d4 a6 9. Bd3 Bg7 10. O-O Nc6 11. h3 O-O 12. Bg5 Rc8 13. Bxf6 Bxf6 14. Nxd5 Bxd4 15. Nxd4 Nxd4 16. c3 Ne6 17. a5 Bc6 18. Nb6 Rb8 19. Bc4 Nc7 20. Qg4 e6 21. Rad1 Qe7 22. b4 Rbd8 23. h4 h5 24. Qg3 Rxd1 25. Rxd1 Rd8 26. Rxd8+ Qxd8 27. Qe5 Qd1+ 28. Kh2 Qg4 29. Qg3 Qxg3+ 30. Kxg3 Kf8 31. f3 Ke7 32. Kf4 f6 33. g4 e5+ 34. Ke3 f5 35. gxh5 gxh5 36. Nc8+ Kd7 37. Nb6+ Ke7 38. f4 Kf6 39. Bg8 exf4+ 40. Kxf4 Be4 41. Nd7+ Ke7 42. Nc5 Kf6 43. Nxe4+ fxe4 44. Kxe4 Nb5 45. c4 Nc3+ 46. Kd4 Ne2+ 47. Kc5 Ng3 48. Bd5 Nf5 49. Bxb7 Nxh4 50. Kb6 Nf5 51. c5 Ke7 52. c6 Kd8 53. c7+ Ke7 54. c8=Q 1-0

[Event "November 21 Early 2023"]
[Site "https://www.chess.com"]
[Date "2023.11.21"]
[Round "10"]
[White "Viskelis, Darius"]
[Black "Grochal, Joey"]
[Result "1-0"]
[Board "110"]
[TimeControl "180+1"]
[WhiteFideId "12800830"]
[BlackFideId "1019945"]
[WhiteElo "1859"]
[BlackElo "2231"]
[WhiteTeam "LTU"]
[BlackTeam "NED"]
[WhiteClock "0:00:03"]
[BlackClock "0:00:18"]

1. e4 e5 2. Nf3 Nc6 3. Bb5 a6 4. Bxc6 dxc6 5. d3 f6 6. Be3 c5 7. Nbd2 Be6 8. a4 b6 9. b3 a5 10. Nc4 Ne7 11. Nfd2 Ng6 12. Qh5 Qd7 13. h3 Be7 14. f4 Bf7 15. fxe5 Nxe5 16. Qe2 Nxc4 17. Nxc4 O-O 18. O-O Bg6 19. Bf4 Rae8 20. Qf3 Qc6 21. Qg3 Bd8 22. Ne3 f5 23. exf5 Bxf5 24. Nxf5 Rxf5 25. Rae1 Rxe1 26. Rxe1 Rf7 27. Re4 h6 28. Qg4 Kh7 29. Re6 Qd7 30. Qg6+ Kg8 31. Qe4 Bf6 32. Re8+ Rf8 33. Rxf8+ Kxf8 34. Kh2 Kf7 35. g4 c6 36. Kg3 Bd4 37. h4 b5 38. h5 bxa4 39. bxa4 Qd5 40. Qg6+ Kg8 41. Qe8+ Kh7 42. Qe4+ Qxe4 43. dxe4 Kg8 44. Kf3 Kf7 45. Bd6 Ke6 46. Bf8 c4 47. Kf4 Be5+ 48. Kf3 Kf6 49. Bc5 Ke6 50. Bb6 Bc3 51. Kf4 Bd2+ 52. Kf3 Ke5 53. Bc7+ Kd4 54. Bd6 Kc3 55. Be5+ Kxc2 56. Bxg7 c3 57. e5 Kd3 58. e6 Bg5 59. Bxh6 Be7 60. Bc1 Kc2 61. Be3 Kd1 62. h6 c2 63. h7 Bc5 64. Bf4 Bd6 65. Bg5 Be7 66. Bh6 Bf8 67. h8=Q Bxh6 68. Qxh6 c1=Q 69. Qxc1+ Kxc1 70. e7 c5 71. e8=Q c4 72. Qe7 1-0

[Event "November 21 Early 2023"]
[Site "https://www.chess.com"]
[Date "2023.11.21"]
[Round "10"]
[White "Kochiev, Ivan"]
[Black "Hoffmann, Asa"]
[Result "1-0"]
[Board "111"]
[TimeControl "180+1"]
[WhiteFideId "2917890"]
[BlackFideId "2001470"]
[WhiteElo "2285"]
[BlackElo "2117"]
[WhiteTeam "BUL"]
[BlackTeam "USA"]
[WhiteClock "0:00:09"]
[BlackClock "0:00:00"]

1. e4 d6 2. d4 Nf6 3. Bd3 e5 4. c3 Nc6 5. Nf3 Bg4 6. Be3 Be7 7. h3 Bh5 8. Nbd2 O-O 9. O-O d5 10. exd5 Nxd5 11. Qc2 exd4 12. Bxd4 Bg6 13. Bxg6 hxg6 14. Rad1 Nxd4 15. Nxd4 Bf6 16. N2f3 Qd7 17. Rfe1 Rad8 18. c4 Nb4 19. Qb3 c5 20. Ne6 Qxe6 21. Rxe6 Rxd1+ 22. Qxd1 fxe6 23. Qd6 Re8 24. Qxc5 Nd3 25. Qb5 Re7 26. b3 b6 27. Kf1 Nc5 28. b4 Ne4 29. Qc6 Nc3 30. g4 g5 31. h4 g6 32. hxg5 Bg7 33. Nh4 Kf7 34. Qf3+ Ke8 35. Nxg6 Rd7 36. Qa8+ Kf7 37. Nf4 e5 38. Nh5 Bf8 39. Qf3+ Ke7 40. Qxc3 Rd4 41. Ng3 Ke6 42. c5 b5 43. Qb3+ Kd7 44. a3 Rxg4 45. Qf7+ Be7 46. Qf5+ Kc6 47. Qxg4 1-0

[Event "November 21 Early 2023"]
[Site "https://www.chess.com"]
[Date "2023.11.21"]
[Round "10"]
[White "Rian, Kapriaga"]
[Black "Kanyamarala, Trisha"]
[Result "0-1"]
[Board "112"]
[TimeControl "180+1"]
[WhiteFideId "7103263"]
[BlackFideId "45004722"]
[WhiteElo "2326"]
[BlackElo "2078"]
[WhiteTeam "INA"]
[BlackTeam "IRL"]
[WhiteClock "0:00:00"]
[BlackClock "0:01:03"]

1. d4 Nf6 2. Nf3 d5 3. Bf4 e6 4. e3 c5 5. Nbd2 Nc6 6. c3 Bd6 7. Bg3 O-O 8. Bd3 Qe7 9. Ne5 Bxe5 10. dxe5 Nd7 11. f4 f6 12. Bh4 Qf7 13. exf6 Nxf6 14. O-O Qc7 15. Bxf6 Rxf6 16. Nf3 Bd7 17. Ng5 g6 18. Qg4 Raf8 19. Qh4 Bc8 20. Rf3 e5 21. Rh3 Bxh3 22. Nxh3 e4 23. Bc2 Ne7 24. Rd1 Nf5 25. Qf2 d4 26. cxd4 cxd4 27. exd4 e3 28. Qe2 Re8 29. g3 Qd6 30. Bxf5 Rxf5 31. Ng5 Rd5 32. Qc4 Kg7 33. Re1 Re7 34. Nf3 Qc6 35. Qc3 e2 36. Ne5 Qb6 37. Rxe2 Qxd4+ 38. Qxd4 Rxd4 0-1

[Event "November 21 Early 2023"]
[Site "https://www.chess.com"]
[Date "2023.11.21"]
[Round "10"]
[White "Malikova777"]
[Black "Jamal-Jamal-Jamal"]
[Result "0-1"]
[Board "114"]
[TimeControl "180+1"]
[WhiteElo "2317"]
[BlackElo "2463"]
[WhiteClock "0:00:59"]
[BlackClock "0:01:04"]

1. d4 e6 2. c4 d5 3. Nc3 Nf6 4. cxd5 exd5 5. Bg5 Be7 6. Qc2 O-O 7. e3 h6 8. Bf4 c5 9. dxc5 Nc6 10. O-O-O Be6 11. Nf3 Qa5 12. h4 Rfc8 13. Kb1 Nb4 14. Qb3 d4 15. Qa4 Bf5+ 16. e4 Bxe4+ 17. Kc1 Qxa4 18. Nxa4 Bxc5 19. b3 Nbd5 20. Bd2 Ba3# 0-1

[Event "November 21 Early 2023"]
[Site "https://www.chess.com"]
[Date "2023.11.21"]
[Round "10"]
[White "Ramla2020"]
[Black "AndresDelgado77"]
[Result "1-0"]
[Board "115"]
[TimeControl "180+1"]
[WhiteElo "2460"]
[BlackElo "2312"]
[WhiteClock "0:01:40"]
[BlackClock "0:00:00"]

1. c4 g6 2. g3 c5 3. Bg2 Nc6 4. Nc3 Bg7 5. e3 e6 6. Nge2 Nge7 7. d4 cxd4 8. exd4 d5 9. cxd5 Nxd5 10. Nxd5 exd5 11. O-O O-O 12. Be3 Qb6 13. Nf4 Be6 14. Nxd5 Bxd5 15. Bxd5 Bxd4 16. Bh6 Rfd8 17. Qf3 Ne5 18. Qe4 Qf6 19. Bxb7 Rab8 20. Bf4 Bxb2 21. Rab1 Rd4 22. Qxe5 Rxf4 23. Qxb8+ Kg7 24. Qxf4 1-0

[Event "November 21 Early 2023"]
[Site "https://www.chess.com"]
[Date "2023.11.21"]
[Round "10"]
[White "dumbernugget"]
[Black "Kopczynski, Michal"]
[Result "1/2-1/2"]
[Board "116"]
[TimeControl "180+1"]
[BlackFideId "1124200"]
[WhiteElo "2279"]
[BlackElo "2174"]
[BlackTeam "POL"]
[WhiteClock "0:00:19"]
[BlackClock "0:00:13"]

1. d4 Nf6 2. c4 g6 3. Nc3 Bg7 4. e4 d6 5. Nf3 O-O 6. Be2 e5 7. dxe5 dxe5 8. Qxd8 Rxd8 9. Bg5 Re8 10. Nd5 Nxd5 11. cxd5 c6 12. Bc4 cxd5 13. Bxd5 h6 14. Be3 Nc6 15. Bxc6 bxc6 16. Rc1 Be6 17. b3 a5 18. Rxc6 a4 19. O-O axb3 20. axb3 Bxb3 21. Rb1 Ba2 22. Rb7 Rec8 23. Rcc7 Rxc7 24. Rxc7 Bb1 25. Nd2 Bd3 26. f3 f5 27. Rd7 Bc2 28. Rc7 Ra2 29. exf5 gxf5 30. Nc4 f4 31. Bc5 Bd3 32. Nd6 Bf8 33. h3 Rc2 34. Rc8 Rc1+ 35. Kh2 Kh7 36. Rxf8 Rxc5 37. Rd8 Bf1 38. Nf5 Rc2 39. Nh4 Kg7 40. Rd6 Ra2 41. Kg1 Bc4 42. Nf5+ Kf7 43. Rxh6 Bd3 44. Nh4 Ra1+ 45. Kh2 Ra2 46. Kg1 Ra1+ 47. Kh2 Ra2 48. Kg1 1/2-1/2

[Event "November 21 Early 2023"]
[Site "https://www.chess.com"]
[Date "2023.11.21"]
[Round "10"]
[White "Quirke, Jeffrey"]
[Black "Gutkin, Ilya"]
[Result "0-1"]
[Board "117"]
[TimeControl "180+1"]
[WhiteFideId "2013029"]
[BlackFideId "16203470"]
[WhiteElo "2238"]
[BlackElo "2248"]
[WhiteTeam "USA"]
[BlackTeam "GER"]
[WhiteClock "0:00:23"]
[BlackClock "0:01:44"]

1. e4 e5 2. Nf3 Nc6 3. Nc3 Nf6 4. h3 Bc5 5. Nxe5 Nxe5 6. d4 Bxd4 7. Qxd4 Nc6 8. Qe3 O-O 9. Bc4 d6 10. Bd2 Be6 11. Bb3 Bxb3 12. axb3 d5 13. Qg3 d4 14. Bh6 Nh5 15. Qg4 dxc3 16. Qxh5 gxh6 17. Qxh6 Qd2+ 18. Qxd2 cxd2+ 19. Kxd2 Rad8+ 20. Kc3 Rfe8 21. Rhe1 Kg7 22. b4 a6 23. Re3 f6 24. f4 f5 25. Rae1 Kf6 26. e5+ Ke6 27. g4 Ne7 28. g5 Nd5+ 0-1

[Event "November 21 Early 2023"]
[Site "https://www.chess.com"]
[Date "2023.11.21"]
[Round "10"]
[White "Bashirli, Saadat"]
[Black "Nekoo04"]
[Result "1-0"]
[Board "118"]
[TimeControl "180+1"]
[WhiteFideId "13429990"]
[WhiteElo "1537"]
[BlackElo "2301"]
[WhiteTeam "AZE"]
[WhiteClock "0:00:17"]
[BlackClock "0:00:01"]

1. d4 d5 2. e3 Nf6 3. f4 c5 4. c3 Nc6 5. Bd3 g6 6. Nf3 Bg7 7. O-O O-O 8. Nbd2 Qc7 9. Ne5 Bf5 10. Qc2 Bxd3 11. Qxd3 Rab8 12. b3 b5 13. Bb2 b4 14. c4 cxd4 15. exd4 Nxe5 16. fxe5 dxc4 17. bxc4 Nd7 18. Ne4 Rbc8 19. Rac1 Qa5 20. Qb3 Qb6 21. Kh1 a5 22. Qa4 Qb7 23. Rfe1 Bh6 24. Rc2 Rc7 25. d5 Nb6 26. Qb5 Rfc8 27. c5 Nxd5 28. Qxa5 Ra8 29. c6 Rxc6 30. Qxd5 Rac8 31. Rxc6 Qxc6 32. Qxc6 Rxc6 33. Rd1 Rc2 34. Rb1 Bf4 35. g3 Be3 36. a3 b3 37. Nc3 Bd4 38. Nd1 Bc5 39. Rc1 Rd2 40. a4 h5 41. a5 Bb4 42. a6 Rd7 43. Ne3 Ra7 44. Rc6 Bd2 45. Nd5 e6 46. Nf6+ Kg7 47. Bd4 Ra8 48. a7 h4 49. gxh4 Rd8 50. Bb2 Be3 51. Ra6 Ra8 52. Nd7 Rxa7 53. Rxa7 Bxa7 54. Kg2 Kh6 55. Kf3 Kh5 56. Kg3 Be3 57. Nf6+ Kh6 58. Ng4+ Kg7 59. Nxe3 1-0

[Event "November 21 Early 2023"]
[Site "https://www.chess.com"]
[Date "2023.11.21"]
[Round "10"]
[White "Ovezdurdyyeva, Jemal"]
[Black "Sadubayev, Airat"]
[Result "1-0"]
[Board "119"]
[TimeControl "180+1"]
[WhiteFideId "14001888"]
[BlackFideId "13713264"]
[WhiteElo "2086"]
[BlackElo "2137"]
[WhiteTeam "TKM"]
[BlackTeam "KAZ"]
[WhiteClock "0:00:32"]
[BlackClock "0:00:16"]

1. e4 c5 2. Nf3 e6 3. c3 Nf6 4. Bd3 c4 5. Bxc4 Nxe4 6. O-O d5 7. Bb3 Nc6 8. d4 Bd6 9. Nbd2 f5 10. c4 Na5 11. Nxe4 fxe4 12. Ng5 Nxb3 13. Qxb3 h6 14. Qh3 Qf6 15. f3 O-O 16. Be3 hxg5 17. fxe4 Qh6 18. Rxf8+ Kxf8 19. Qf3+ Kg8 20. e5 Be7 21. Rf1 Qg6 22. cxd5 exd5 23. Qxd5+ Be6 24. Qxb7 Re8 25. d5 Qe4 26. Qc6 Qxe3+ 27. Kh1 Rf8 28. Qxe6+ Kh8 29. Rg1 Bc5 30. Rd1 Qf2 31. Qh3+ Kg8 32. Qd3 Qf4 33. Re1 Qf2 34. Rc1 Qf4 35. Re1 Qf2 36. Rd1 Qf4 37. Qe2 Be7 38. d6 Bd8 39. e6 Re8 40. e7 Bb6 41. d7 Rxe7 42. Qxe7 Qg4 43. d8=Q+ Bxd8 44. Qxd8+ Kh7 45. h3 Qe2 46. Qd3+ Qxd3 47. Rxd3 Kg6 48. Ra3 Kh6 49. Rxa7 Kg6 50. Ra6+ Kf5 51. Rb6 Ke4 52. a4 Ke3 53. Rg6 Ke2 54. Rxg5 Ke1 55. Rxg7 Kd1 56. Rg3 Kd2 57. b4 Kc2 58. Rf3 Kb2 59. Kh2 Ka2 60. Kg3 Kb2 61. Kf4 Kc2 62. Ke4 Kd2 63. Re3 Kc2 64. Kd4 Kd2 65. Rf3 Kc2 66. Re3 Kd2 67. Ke4 Kc2 68. Rd3 Kb2 69. Kd4 Kc2 70. b5 Kb2 71. Rc3 Ka2 72. Kc4 Ka1 73. Kb3 Kb1 74. Rc4 Ka1 75. Rc1# 1-0

[Event "November 21 Early 2023"]
[Site "https://www.chess.com"]
[Date "2023.11.21"]
[Round "10"]
[White "vinclat"]
[Black "Herzog2012"]
[Result "1-0"]
[Board "120"]
[TimeControl "180+1"]
[WhiteElo "2365"]
[BlackElo "2522"]
[WhiteClock "0:00:01"]
[BlackClock "0:00:00"]

1. e4 c5 2. Nf3 Nc6 3. Nc3 d6 4. d4 cxd4 5. Nxd4 Nf6 6. Bg5 e6 7. Qd2 a6 8. O-O-O Bd7 9. f4 Be7 10. Nf3 b5 11. Bxf6 gxf6 12. Kb1 Qb6 13. f5 b4 14. Ne2 e5 15. Ng3 h5 16. Bc4 Qc5 17. Bd5 h4 18. Nf1 a5 19. Ne3 a4 20. Bxc6 Bxc6 21. Nd5 b3 22. cxb3 axb3 23. Rc1 Bxd5 24. exd5 Qb5 25. a3 Kd7 26. Rc6 h3 27. Rhc1 Rhc8 28. gxh3 Rxc6 29. dxc6+ Kc7 30. Qe3 d5 31. Nd4 Qb6 32. Qxb3 exd4 33. Qxd5 Rd8 34. Qf3 Bd6 35. h4 Be5 36. h5 d3 37. b4 d2 38. Rd1 Qd4 39. Qb3 Qe4+ 40. Qc2 Qd4 41. Qb3 Qd3+ 42. Qxd3 Rxd3 43. Kc2 Rh3 44. Rxd2 Rxh5 45. b5 Rxf5 46. Rd7+ Kb6 47. Rb7+ Ka5 48. c7 Rf2+ 49. Kd3 Rf3+ 50. Ke4 Rc3 51. b6 Ka6 52. Rb8 Rc4+ 53. Kd5 Bxc7 54. bxc7 1-0

[Event "November 21 Early 2023"]
[Site "https://www.chess.com"]
[Date "2023.11.21"]
[Round "10"]
[White "Koridze, Lile"]
[Black "Toktomushev, Teimur"]
[Result "1-0"]
[Board "121"]
[TimeControl "180+1"]
[WhiteFideId "13612514"]
[BlackFideId "14176726"]
[WhiteElo "2061"]
[BlackElo "2198"]
[WhiteTeam "GEO"]
[BlackTeam "UKR"]
[WhiteClock "0:00:16"]
[BlackClock "0:00:00"]

1. d4 d5 2. c4 e6 3. Nf3 Nf6 4. g3 Bb4+ 5. Bd2 Be7 6. Bg2 O-O 7. O-O c6 8. Qc2 b6 9. Rd1 Ba6 10. b3 Nbd7 11. Nc3 Rc8 12. Bf4 c5 13. dxc5 Bxc5 14. Qd3 Qe7 15. Nb5 Bxb5 16. cxb5 e5 17. Bg5 e4 18. Qxd5 Nxd5 19. Bxe7 Nxe7 20. Rxd7 exf3 21. Bxf3 Nf5 22. e3 Rfd8 23. Rad1 Rxd7 24. Rxd7 g6 25. Bd5 Ne7 26. Bc4 Kf8 27. Rxa7 Rd8 28. a3 Rd1+ 29. Kg2 Nd5 30. a4 Rd2 31. Kf1 Rd1+ 32. Ke2 Rc1 33. Bxd5 Rc2+ 34. Kf3 Rc3 35. a5 1-0

[Event "November 21 Early 2023"]
[Site "https://www.chess.com"]
[Date "2023.11.21"]
[Round "10"]
[White "Zivic, Dragan"]
[Black "HeroWilczek"]
[Result "1-0"]
[Board "122"]
[TimeControl "180+1"]
[WhiteFideId "904740"]
[WhiteElo "2073"]
[BlackElo "2453"]
[WhiteTeam "SRB"]
[WhiteClock "0:00:21"]
[BlackClock "0:00:08"]

1. c4 e5 2. Nc3 Nf6 3. Nf3 Nc6 4. g3 d5 5. d4 exd4 6. Nxd4 Bc5 7. Nxc6 bxc6 8. Bg2 O-O 9. O-O Bb7 10. Bg5 d4 11. Bxf6 Qxf6 12. Ne4 Qe7 13. Nxc5 Qxc5 14. b3 Rad8 15. Qd2 Bc8 16. Rac1 Rfe8 17. Rfe1 Bf5 18. b4 Qd6 19. c5 Qf6 20. a3 h6 21. h3 h5 22. Rc4 h4 23. g4 Be6 24. Rcc1 Bd5 25. e4 dxe3 26. Rxe3 Rxe3 27. Qxe3 g6 28. Rd1 Kg7 29. Bxd5 cxd5 30. Rd4 c6 31. a4 Rd7 32. b5 Re7 33. Qd2 Qf3 34. Rd3 Qe4 35. Qc3+ Kg8 36. bxc6 Qxa4 37. Rxd5 Qxc6 38. Rd8+ Re8 39. Rxe8+ Qxe8 40. c6 Qc8 41. c7 Kf8 42. Qe5 Kg8 43. Qd6 1-0

[Event "November 21 Early 2023"]
[Site "https://www.chess.com"]
[Date "2023.11.21"]
[Round "10"]
[White "Maect19"]
[Black "Begunov, Konstantin"]
[Result "1/2-1/2"]
[Board "123"]
[TimeControl "180+1"]
[BlackFideId "4118510"]
[WhiteElo "2333"]
[BlackElo "1989"]
[BlackTeam "RUS"]
[WhiteClock "0:00:16"]
[BlackClock "0:00:06"]

1. d4 d5 2. Nf3 c6 3. e3 Bg4 4. Nbd2 Nd7 5. b3 e5 6. dxe5 Nxe5 7. Bb2 Nxf3+ 8. Nxf3 Nf6 9. Be2 Bb4+ 10. c3 Be7 11. O-O O-O 12. c4 dxc4 13. Bxc4 Qxd1 14. Rfxd1 Bxf3 15. gxf3 Rfd8 16. Kf1 Kf8 17. Ke2 Rxd1 18. Rxd1 Rd8 19. Rxd8+ Bxd8 20. Bd4 b6 21. e4 Bc7 22. Bxf6 gxf6 23. h3 Ke7 24. Ke3 b5 25. Bd3 Bb6+ 26. Ke2 h6 27. f4 a6 28. f3 Bg1 29. e5 Bd4 30. Be4 c5 31. Bb7 a5 32. Ba6 b4 33. exf6+ Kxf6 34. Bc4 Kg6 35. Kd3 f6 36. Ke4 Kh5 37. Be6 Kh4 38. Bd7 Kg3 39. Bg4 Kf2 40. Kf5 a4 41. bxa4 c4 42. Ke4 c3 43. Kd3 Ke1 44. Kc2 Bb6 45. Bf5 Ke2 46. Bg4 Ke3 47. a3 Ba5 48. axb4 Bxb4 49. Kb3 Kxf4 50. Kc2 Ba5 51. Bh5 Kg3 52. Bg4 Kh4 53. Kd3 h5 54. Bf5 Kg5 55. Be4 Kf4 56. Ke2 f5 57. Bc2 Bb4 58. Kf2 Ba5 59. Ke2 Bb4 60. Kf2 h4 61. Ke2 Ba5 62. Kf2 Bb6+ 63. Ke2 Ba5 64. Bd3 Bb4 65. Bc2 Ba5 1/2-1/2

[Event "November 21 Early 2023"]
[Site "https://www.chess.com"]
[Date "2023.11.21"]
[Round "10"]
[White "Reprintsev, Alexander"]
[Black "alfianasybullina"]
[Result "1-0"]
[Board "124"]
[TimeControl "180+1"]
[WhiteFideId "14100541"]
[WhiteElo "2229"]
[BlackElo "2326"]
[WhiteTeam "UKR"]
[WhiteClock "0:00:26"]
[BlackClock "0:00:35"]

1. e4 c6 2. Nf3 d5 3. Nc3 dxe4 4. Nxe4 Nd7 5. Bc4 e6 6. Qe2 Ngf6 7. d3 a5 8. a4 Nb6 9. Bb3 Nbd5 10. O-O Be7 11. Bd2 O-O 12. Rfe1 c5 13. Rad1 b6 14. Bc4 Bb7 15. c3 Qc7 16. Bg5 Nxe4 17. dxe4 Nf6 18. Qc2 h6 19. Bh4 Rad8 20. Bg3 Qc8 21. Rxd8 Rxd8 22. h3 Bf8 23. Bf1 Qc6 24. Nd2 Rxd2 25. Qxd2 Nxe4 26. Qd8 Nxg3 27. fxg3 Qxa4 28. Kh2 Qc6 29. Rd1 g6 30. Qb8 Kg7 31. Rd8 h5 32. Rxf8 h4 33. Rg8+ Kh6 34. Rh8+ Kg5 35. Qf4# 1-0

[Event "November 21 Early 2023"]
[Site "https://www.chess.com"]
[Date "2023.11.21"]
[Round "10"]
[White "Rosenberg, Evan S"]
[Black "Zampronha, Wladimir Camilo"]
[Result "0-1"]
[Board "125"]
[TimeControl "180+1"]
[WhiteFideId "2019299"]
[BlackFideId "2103087"]
[WhiteElo "2429"]
[BlackElo "2055"]
[WhiteTeam "USA"]
[BlackTeam "BRA"]
[WhiteClock "0:00:08"]
[BlackClock "0:00:38"]

1. d4 Nf6 2. Nf3 e6 3. c4 b6 4. Nc3 Bb4 5. Qb3 a5 6. Bg5 h6 7. Bh4 g5 8. Bg3 Ne4 9. Rd1 Bb7 10. Nd2 d6 11. Ndxe4 Bxe4 12. f3 Bb7 13. e4 Nd7 14. a3 Bxc3+ 15. Qxc3 Qe7 16. Bd3 h5 17. h4 O-O-O 18. b4 axb4 19. axb4 f5 20. c5 dxc5 21. bxc5 bxc5 22. Rb1 f4 23. Bf2 cxd4 24. Bxd4 Rhg8 25. Qb3 Nb6 26. Bxb6 cxb6 27. Bc4 Rd6 28. hxg5 Rxg5 29. O-O e5 30. Rfd1 Rdg6 31. Rd2 h4 32. Kh2 h3 33. gxh3 Rh5 34. Rbd1 Rxh3+ 35. Kxh3 Qh7# 0-1

[Event "November 21 Early 2023"]
[Site "https://www.chess.com"]
[Date "2023.11.21"]
[Round "10"]
[White "Spichkin, Alexander"]
[Black "Jimenez Fernandez, Rebeca"]
[Result "0-1"]
[Board "126"]
[TimeControl "180+1"]
[WhiteFideId "4144074"]
[BlackFideId "32070934"]
[WhiteElo "1968"]
[BlackElo "2015"]
[WhiteTeam "RUS"]
[BlackTeam "ESP"]
[WhiteClock "0:01:03"]
[BlackClock "0:02:23"]

1. f4 g6 2. Nf3 Bg7 3. e4 c5 4. Bd3 Nc6 5. O-O e6 6. Nc3 Nge7 7. Qe1 O-O 8. Qh4 d5 9. e5 c4 10. Be2 d4 11. Ne4 d3 12. cxd3 cxd3 13. Bd1 Nf5 14. Qh3 Ncd4 15. b3 Nxf3+ 16. Bxf3 Qd4+ 17. Kh1 Qxa1 18. Ng3 Bd7 19. Nxf5 exf5 20. g4 fxg4 21. Bxg4 Bxg4 22. Qxg4 Rac8 23. f5 Rxc1 0-1

[Event "November 21 Early 2023"]
[Site "https://www.chess.com"]
[Date "2023.11.21"]
[Round "10"]
[White "Florianovitz, Derlei Alex"]
[Black "Haitin, Ilja"]
[Result "1-0"]
[Board "127"]
[TimeControl "180+1"]
[WhiteFideId "2114178"]
[BlackFideId "4501764"]
[WhiteElo "1953"]
[BlackElo "2221"]
[WhiteTeam "BRA"]
[BlackTeam "EST"]
[WhiteClock "0:00:21"]
[BlackClock "0:00:00"]

1. e4 e5 2. Nf3 Nc6 3. Bb5 d6 4. O-O a6 5. Ba4 b5 6. Bb3 Na5 7. d4 Nxb3 8. axb3 exd4 9. Nxd4 Bd7 10. Nc3 Be7 11. Nd5 Nf6 12. Nxe7 Qxe7 13. Re1 O-O 14. Bg5 h6 15. Bh4 Rfe8 16. Qf3 c5 17. Bxf6 Qxf6 18. Qxf6 gxf6 19. Nf5 Bxf5 20. exf5 Re5 21. g4 a5 22. f4 Rxe1+ 23. Rxe1 a4 24. Ra1 Kf8 25. Kf2 Ke7 26. Ke3 d5 27. c3 Kd6 28. bxa4 bxa4 29. h4 Re8+ 30. Kf3 Re4 31. Rh1 Rc4 32. g5 fxg5 33. fxg5 hxg5 34. hxg5 a3 35. g6 fxg6 36. fxg6 Ra4 37. bxa3 Rxa3 38. g7 Rxc3+ 39. Kf4 Rc4+ 40. Kf3 Rc3+ 41. Ke2 Rc2+ 42. Kf1 Rc1+ 43. Kg2 Rc2+ 44. Kh3 Rc3+ 45. Kh4 Rc4+ 46. Kh5 1-0

[Event "November 21 Early 2023"]
[Site "https://www.chess.com"]
[Date "2023.11.21"]
[Round "10"]
[White "campochess"]
[Black "Su, Dion"]
[Result "1/2-1/2"]
[Board "128"]
[TimeControl "180+1"]
[BlackFideId "2029731"]
[WhiteElo "2213"]
[BlackElo "2402"]
[BlackTeam "USA"]
[WhiteClock "0:00:17"]
[BlackClock "0:00:20"]

1. Nc3 e6 2. d4 d5 3. Nf3 Nf6 4. g3 Bb4 5. Bd2 O-O 6. Bg2 c5 7. e3 Nc6 8. O-O Bd7 9. dxc5 Bxc5 10. a3 Rc8 11. b4 Be7 12. Rc1 Nb8 13. Ne2 Ne4 14. Ne5 Bb5 15. Nd3 Nxd2 16. Qxd2 Nc6 17. Nd4 Nxd4 18. exd4 a5 19. c3 axb4 20. cxb4 Qb6 21. Rxc8 Rxc8 22. Rc1 Rxc1+ 23. Nxc1 Qc6 24. Nd3 f6 25. Nf4 g5 26. Nd3 Qc4 27. Ne1 Qb3 28. Qe3 Qxe3 29. fxe3 Bc4 30. Bf1 b5 31. Bd3 e5 32. Kf2 Kf7 33. Bxh7 e4 34. Bf5 Bd6 35. h4 Kg7 36. hxg5 fxg5 37. g4 Kf6 38. Nc2 Bd3 39. Ne1 Bc4 40. Nc2 Bd3 41. Ne1 Bc4 1/2-1/2

[Event "November 21 Early 2023"]
[Site "https://www.chess.com"]
[Date "2023.11.21"]
[Round "10"]
[White "Semenova, Alina"]
[Black "Dishman, Stephen"]
[Result "1/2-1/2"]
[Board "129"]
[TimeControl "180+1"]
[WhiteFideId "24113875"]
[BlackFideId "403024"]
[WhiteElo "1827"]
[BlackElo "2204"]
[WhiteTeam "RUS"]
[BlackTeam "ENG"]
[WhiteClock "0:00:05"]
[BlackClock "0:00:48"]

1. e4 c6 2. Nf3 d5 3. Nc3 dxe4 4. Nxe4 Nf6 5. Nxf6+ exf6 6. Bc4 Bd6 7. Qe2+ Qe7 8. Qxe7+ Kxe7 9. O-O Rd8 10. d4 Bf5 11. c3 Kf8 12. h3 a5 13. a4 Na6 14. Re1 Nc7 15. g4 Be6 16. Bd3 g6 17. Nd2 Kg7 18. Nc4 Bxc4 19. Bxc4 Nd5 20. Bd2 Re8 21. h4 Re6 22. Rxe6 fxe6 23. f3 Kf7 24. Kf2 Rb8 25. h5 gxh5 26. gxh5 Rg8 27. Rg1 Rxg1 28. Kxg1 Bf4 29. Bxf4 Nxf4 30. b4 axb4 31. cxb4 Nd5 32. Bxd5 exd5 33. Kf2 Kg7 34. Kg3 Kf7 35. Kf4 Ke6 36. Kg4 h6 37. f4 f5+ 38. Kf3 Kd6 39. Ke3 Kc7 40. Kd3 Kb6 41. Kc3 Ka6 42. Kb3 b6 43. Kc3 Kb7 44. Kb3 Kc7 45. Kc3 Kb7 46. Kb3 Ka7 47. b5 c5 48. dxc5 bxc5 49. a5 Kb7 50. Kc3 Kc7 51. Kd3 Kd6 52. a6 Kc7 53. Kc3 Kb6 54. Kd3 c4+ 55. Kd4 Ka7 56. Kc3 Kb6 57. Kd4 Ka7 58. Kc3 Kb6 59. Kd4 1/2-1/2

[Event "November 21 Early 2023"]
[Site "https://www.chess.com"]
[Date "2023.11.21"]
[Round "10"]
[White "IsaqueGoncalvesSanto"]
[Black "Sharafiev, Azat"]
[Result "0-1"]
[Board "130"]
[TimeControl "180+1"]
[BlackFideId "4186214"]
[WhiteElo "1958"]
[BlackElo "2306"]
[BlackTeam "RUS"]
[WhiteClock "0:00:00"]
[BlackClock "0:01:31"]

1. d4 d5 2. c4 dxc4 3. Nc3 a6 4. a4 Nf6 5. e3 e6 6. Bxc4 c5 7. Nf3 Nc6 8. O-O Be7 9. d5 exd5 10. Nxd5 O-O 11. Nxe7+ Qxe7 12. Qe2 Bg4 13. h3 Bh5 14. g4 Bg6 15. Nh4 Rad8 16. Nxg6 hxg6 17. b3 Qe4 18. f3 Qe7 19. Bb2 Ne5 20. Bxe5 Qxe5 21. f4 Qe4 22. Rad1 Rxd1 23. Rxd1 Re8 24. Kf2 Qe7 25. Bd3 Nd5 26. Re1 Qh4+ 27. Kg2 Nxf4+ 28. exf4 Qxe1 29. Qxe1 Rxe1 30. Kf3 Rc1 31. Ke4 Rc3 32. Bc4 b5 33. axb5 axb5 34. Bxb5 Rxb3 35. Bc4 Rxh3 36. Kd5 Rf3 37. Ke4 Rc3 38. Kd5 Kf8 39. Kxc5 Rf3 40. Be2 Rxf4 41. Kd5 f5 42. gxf5 gxf5 43. Ke5 Rf2 44. Bh5 Ke7 45. Bg6 f4 46. Be4 g5 47. Kf5 Kd6 48. Kxg5 Ke5 49. Bc6 Kd4 50. Kg4 Ke3 51. Bd5 Rb2 0-1